 Dungeon Crawl Stone Soup version 0.31-a0-435-g2c6fae2916 (webtiles) character file.

Game seed: 13191551997370771541

413 Gelion the Changeling (level 6, 0/42 HPs)
             Began as an Octopode Shapeshifter on Aug 1, 2023.
             Slain by a hobgoblin (7 damage)
             ... led by Robin
             ... on level 4 of the Dungeon.
             The game lasted 00:05:02 (2786 turns).

Gelion the Changeling (Octopode Shapeshifter)       Turns: 2786, Time: 00:05:03

Health: 0/42       AC:  1    Str: 14    XL:     6   Next: 91%
Magic:  6/6        EV: 13    Int: 10    God:
Gold:   102        SH:  0    Dex: 15    Spells: 5/5 levels left

rFire   . .          .
                       - Unarmed
rCold   . . .        (no shield)
rNeg    . . .        (helmet currently unavailable)
rPois   .            (no amulet)
rElec   .            f - ring of resist corrosion
rCorr   +            (no ring)
SInv    .            (no ring)
Will    .....        (no ring)
Stlth   ++           (no ring)
HPRegen 0.27/turn    (no ring)
MPRegen 0.10/turn    (no ring)
                     (no ring)

%: no passive effects
@: beast-form, hasted, very quick
A: beast (slay +3), almost no armour, amphibious, 8 rings, camouflage 1,
gelatinous body 1, (nimble swimmer 1), tentacles
a: Begin Untransformation


You were on level 4 of the Dungeon.
You were a hulking beast.
You visited 1 branch of the dungeon, and saw 4 of its levels.
You also visited: Sewer.

You collected 102 gold pieces.

Inventory:

Missiles
 e - 2 throwing nets
Jewellery
 f - a ring of resist corrosion (left tentacle)
Talismans
 b - a beast talisman (active)
Scrolls
 h - a scroll of silence
 l - 3 scrolls of teleportation
 n - a scroll of blinking
 o - a scroll of fog
Potions
 a - 2 potions of resistance
 c - 2 potions of magic
 d - a potion of invisibility
 j - 2 potions of mutation {unknown}
 k - a potion of attraction


   Skills:
 + Level 3.3 Fighting
 - Level 2.0 Dodging
 + Level 4.4 Unarmed Combat
 * Level 5.1 Shapeshifting


You had 5 spell levels left.
You didn't know any spells.
Your spell library contained the following spells:

 Spells                   Type           Power      Damage    Failure   Level
 Apportation              Tloc           0%         N/A       36%         1
 Alistair's Intoxication  Tmut/Pois      0%         N/A       100%        5


Dungeon Overview and Level Annotations

Branches:
Dungeon (4/15)              Sewer (visited)
 Temple: D:4-7

Altars:

Shops:
D:4 [

Annotations:
D:4 Robin


Innate Abilities, Weirdness & Mutations

You are a hulking beast.
Your limbs bulge with bestial killing power. (Slay +3)
You cannot wear most types of armour.
You are amphibious.
You can wear up to eight rings at the same time.
Your skin changes colour to match your surroundings (Stealth+).
Your rubbery body absorbs attacks. (AC +1, EV +1)
((You are camouflaged when in or above water. (Stealth+)))
You have tentacles for arms and can constrict up to eight enemies at once.


Message History

The goblin hits you with a +0 dagger. The goblin attacks as you move away!
The goblin barely misses you.
You barely miss the goblin. You grab the goblin. You constrict the goblin.
The goblin closely misses you.
You bludgeon the goblin!
You kill the goblin!
You tentacle-slap the goblin. Your grab misses the goblin.
The goblin is moderately wounded.
The goblin barely misses you.
You bludgeon the goblin!
You kill the goblin!
The goblin unwields a +0 club.
The goblin wields a +0 sling.
The goblin shoots a sling bullet.
The sling bullet misses you.
You tentacle-slap the goblin.
You kill the goblin!
You bludgeon the goblin!
You kill the goblin!
You tentacle-slap the goblin.
You kill the goblin!
Robin roars a battlecry!
The goblins go into a battle-frenzy!
The goblin closely misses you.
Items here: )))))) ††.
Robin throws the goblin at you! The goblin hits you with a +0 club.
You tentacle-slap the goblin.
You kill the goblin!
The goblin hits you with a +0 club. x2
You tentacle-slap the goblin. Your grab misses the goblin.
You squeeze the goblin.
You kill the goblin!
The goblin hits you with a +0 club.
Unknown command.
The goblin hits you with a +0 club.
* * * LOW HITPOINT WARNING * * *
The hobgoblin hits you.
* * * LOW HITPOINT WARNING * * *
Items here: ))))))) †††.
The goblin attacks as you move away! The goblin misses you.
It was a potion of haste.
You feel yourself speed up. The hobgoblin hits you!
You die...

#.####. #......
###..>.
###########.##∩
#.........#.##.
#.####.#######.#.##.
#......# #.#.###
#.####.# #......
#..hggg# #.#.###
#.####g# #.#.# # #.#
#.#.# #g# #.#.# ...
..#.# #.... ###.#
##|### #.# ... ...


You could see Robin, a hobgoblin (strong) and 2 goblins.

Vanquished Creatures
  2 bullfrogs (Sewer)
  An orc wizard (D:3)
  10 river rats
  8 adders
  A worm (D:3)
  A dart slug (D:2)
  8 orcs (D:3)
  3 endoplasms
  4 giant cockroaches
  13 goblins
  A hobgoblin (D:1)
  2 jackals (D:3)
  2 quokkas
  13 ball pythons
  3 bats
  6 frilled lizards
  32 rats
110 creatures vanquished.

Notes
Turn   | Place    | Note
-------+----------+-------------------------------------------
     0 | D:1      | Gelion the Octopode Shapeshifter began the quest for the
                  | Orb.
     0 | D:1      | Reached XP level 1. HP: 13/13 MP: 1/1
   265 | D:1      | Reached XP level 2. HP: 18/18 MP: 2/2
   963 | D:2      | Reached XP level 3. HP: 23/23 MP: 3/3
  1461 | D:3      | Reached XP level 4. HP: 29/29 MP: 4/4
  1735 | D:3      | Reached skill level 4 in Shapeshifting
  1900 | D:3      | Reached XP level 5. HP: 35/35 MP: 5/5
  1992 | D:4      | Found Qauneh's Armour Shoppe.
  2045 | D:4      | Found a glowing drain.
  2049 | Sewer    | Entered a sewer
  2298 | Sewer    | Reached XP level 6. HP: 37/41 MP: 6/6
  2454 | Sewer    | Reached skill level 5 in Shapeshifting
  2761 | D:4      | Identified the +2 helmet of the Swamp {-Cast rC- Regen+
                  | Str+8}
  2761 | D:4      | Noticed Robin
  2786 | D:4      | Slain by a hobgoblin

Illustrated notes

Levels and vault maps discovered:
D:1:      nzn_arrival_crosshair, layout_basic
D:2:      layout_rooms, kennysheep_minor_cross
D:3:      layout_basic, serial_corexii_hall, corexii_hall_statues_t,
          corexii_hall_statues_l, corexii_hall_statues_x, corexii_hall_statues_i
D:4:      layout_loops_ring, mainiacjoe_overflow_alcove_4,
          gup_sewer_entry_spiral, serial_shops, shop,
          nicolae_shop_bloodbath_and_beyond, shop, kennysheep_mini_moat,
          uniq_robin, uniq_natasha

Skill      XL: |  1  2  3  4  5  6 |
---------------+-------------------+-----
Fighting       | 2 3 |  3.3
Shapeshifting  | 4 5 |  5.1
Unarmed Combat | 4 |  4.4
Dodging        | |  2.0

Action                     |  1- 3 |  4- 6 || total
---------------------------+-------+-------++-------
  Melee: Unarmed           |    42 |   154 ||   196
         Constrict         |    13 |    41 ||    54
         Tentacles         |     4 |    30 ||    34
         Punch             |     3 |     8 ||    11
    Use: Scroll            |     4 |     5 ||     9
         Potion            |       |     6 ||     6
   Stab: Sleeping          |     6 |     8 ||    14
 Armour: Skin              |     2 |   101 ||   103
  Dodge: Dodged            |    22 |    79 ||   101

Table legend: (Time is in decaauts)
 A = Elapsed time spent in this place.
 B = Non-inter-level travel time spent in this place.
 C = Inter-level travel time spent in this place.
 D = Time resting spent in this place.
 E = Time spent auto-exploring this place.
 F = Levels seen in this place.
 G = Mean time per level.
                   A        B        C        D        E       F      G
               +--------+--------+--------+--------+--------+-----+--------+
         Total |   2779 |   2676 |    103 |     88 |   2067 |   5 |  555.8 |
       Dungeon |   2141 |   2038 |    103 |     33 |   1693 |   4 |  535.2 |
         Sewer |    638 |    638 |      0 |     55 |    374 |   1 |  638.0 |
               +--------+--------+--------+--------+--------+-----+--------+

Top non-repeatable levels by time:
     D:1: 788 daAuts
     D:3: 701 daAuts
   Sewer: 638 daAuts
     D:2: 484 daAuts
     D:4: 166 daAuts
